 Dungeon Crawl Stone Soup version 0.28.0-53-g5a82cb258f (webtiles) character file.

Game seed: 1835978197370634310

962 Kangaroobicon the Chopper (level 7, -3/58 HPs)
             Began as a Palentonga Fighter on June 15, 2022.
             Was an Initiate of Hepliaklqana.
             Slain by an orc warrior
             ... wielding a +0 scimitar
              (5 damage)
             ... on level 6 of the Dungeon.
             The game lasted 00:33:28 (3557 turns).

Kangaroobicon the Chopper (Palentonga Fighter)      Turns: 3557, Time: 00:33:29

Health: -3/58      AC: 14    Str: 20    XL:     7   Next: 92%
Magic:  7/7        EV:  8    Int:  8    God:    Hepliaklqana [......]
Gold:   216        SH:  4    Dex: 11    Spells: 6/6 levels left

rFire   . . .      SeeInvis +   a - +0 war axe
rCold   . . .      Faith    .   c - +0 buckler
rNeg    . . .      Spirit   .   u - +0 ring mail
rPois   .          Reflect  .   t - +0 helmet
rElec   .          Harm     .   (no cloak)
rCorr   .          Rampage  .   (no gloves)
Will    .....                   (no barding)
Stlth   +.........              (no amulet)
HPRegen 0.19/turn               b - +4 ring of slaying
MPRegen 0.10/turn               (no ring)

@: mighty, curled up
A: large, rugged brown scales 3, see invisible, deformed body, roll 1, armoured
tail, reflexive curl
a: Rolling Charge, Renounce Religion


You were on level 6 of the Dungeon.
You worshipped Hepliaklqana.
Hepliaklqana was noncommittal.
You visited 1 branch of the dungeon, and saw 6 of its levels.

You collected 216 gold pieces.

Inventory:

Hand Weapons
 a - a +0 war axe (weapon)
 i - a +3 hunting sling
Missiles
 j - 56 sling bullets
 l - 6 poisoned darts
Armour
 c - a +0 buckler (worn)
 t - a +0 helmet (worn)
 u - a +0 ring mail (worn)
Jewellery
 b - a +4 ring of slaying (left hand)
 n - a ring of wizardry
Wands
 w - a wand of paralysis (2)
Scrolls
 g - 4 scrolls of identify {unknown}
 m - a scroll of noise {unknown}
 o - a scroll of summoning {unknown}
 q - a scroll of silence {unknown}
 r - 2 scrolls of vulnerability {unknown}
 v - a scroll of blinking {unknown}
 x - 2 scrolls of torment {unknown}
Potions
 e - a potion of attraction {unknown}
 f - 3 potions of curing {unknown}
 h - 2 potions of haste {unknown}
 k - 3 potions of lignification {unknown}
 p - a potion of brilliance {unknown}
 s - a potion of heal wounds {unknown}


   Skills:
 + Level 4.6 Fighting
 + Level 6.2 Axes
 + Level 2.1 Slings
 + Level 3.9 Armour
 + Level 1.2 Dodging
 + Level 0.2 Stealth
 + Level 3.1 Shields


You had 6 spell levels left.
You didn't know any spells.
Your spell library contained the following spells:

 Spells                   Type           Power      Damage    Failure   Level
 Dazzling Flash           Conj/Hex       0%         N/A       95%         3
 Gell's Gravitas          Tloc           0%         N/A       95%         3
 Teleport Other           Tloc           0%         N/A       95%         3
 Iskenderun's Mystic Bla  Conj/Tloc      0%         2d3       100%        4
 Dispersal                Tloc           0%         N/A       100%        6
 Starburst                Conj/Fire      0%         6d3       100%        6


Dungeon Overview and Level Annotations

Branches:
Dungeon (6/15)             Temple (0/1) D:4

Altars:
Hepliaklqana
Xom

Shops:
D:2 [   D:5 (


Innate Abilities, Weirdness & Mutations

You are completely covered in rugged brown scales. (AC +3, +7% HP)
You have supernaturally acute eyesight. (SInv)
Armour fits poorly on your strangely shaped body.
You can roll at nearby foes to attack.
You have a long armoured tail.
You curl defensively after being hit. (AC +7*)


Message History

The orc priest hits you with a +0 club.
The orc wizard hits you but does no damage. x2
An orc wizard comes into view. It is wielding a +1 dagger of draining.
The orc priest looks encouraged for a moment.
The orc priest mumbles some strange prayers to Beogh against you.
Beogh smites you!
The orc wizard gestures wildly while chanting.
The orc wizard flickers and vanishes for a moment.
The orc wizard shouts!
You hit the orc wizard.
You kill the orc wizard!
You hit the orc warrior. The orc warrior closely misses you.
The orc wizard hits you with a +2 dagger of protection.
* * * LOW HITPOINT WARNING * * *
The orc warrior hits you but does no damage.
The orc hits you but does no damage.
You're too confused to move!
The orc warrior hits you with a +0 scimitar!
* * * LOW HITPOINT WARNING * * *
The orc priest calls upon Beogh to heal the orc warrior.
The orc warrior's wounds heal themselves!
You feel less confused.
You slash the orc wizard! You tail-slap the orc wizard.
The orc wizard is severely wounded.
You hit the orc warrior but do no damage.
You slash the orc!
You kill the orc!
The orc wizard hits you but does no damage.
You closely miss the orc wizard.
Your tail-slap misses the orc wizard.
The orc wizard is severely wounded.
You slash the orc warrior! You slash the orc priest!
You kill the orc priest!
A hound comes into view.
The orc wizard casts a spell at you. You resist with some effort.
The orc warrior hits you with a +0 scimitar.
* * * LOW HITPOINT WARNING * * *
The orc wizard hits you but does no damage.
The orc warrior hits you with a +0 scimitar.
You die...

.....................
........................
...........).[...........
.........................
.......)).)..............
.........................
.........................
.........................
................@o.......
###............oo).......
..#............).o......
.............(..........
###....................
#............>......
..............h....
..................
.................


You could see an orc warrior, a hound, 2 orc wizards and an orc.

Vanquished Creatures
  An ice beast (D:5)
  2 necrophages (D:4)
  A phantom (D:4)
  Blork the orc (D:4)
  3 scorpions (D:4)
  A water moccasin skeleton (D:5)
  A howler monkey (D:5)
  A hound (D:4)
  An orc priest (D:6)
  A bullfrog skeleton (D:6)
  An orc wizard (D:6)
  An iguana (D:4)
  8 gnolls
  A howler monkey skeleton (D:5)
  2 adders
  A worm (D:3)
  5 dart slugs
  5 orcs
  6 ball pythons
  5 endoplasms
  7 giant cockroaches
  5 goblins
  6 hobgoblins
  5 quokkas
  3 bats
  3 frilled lizards
  2 kobolds
  2 rats
81 creatures vanquished.

Notes
Turn   | Place    | Note
-------+----------+-------------------------------------------
     0 | D:1      | Kangaroobicon the Palentonga Fighter began the quest for
                  | the Orb.
     0 | D:1      | Reached XP level 1. HP: 19/19 MP: 1/1
   132 | D:1      | Reached XP level 2. HP: 23/25 MP: 2/2
   741 | D:2      | Found a shimmering altar of Xom.
   756 | D:2      | Found Caqivaek's Antique Armour Boutique.
   948 | D:2      | Found a faded altar of an unknown god.
  1156 | D:2      | Reached XP level 3. HP: 14/31 MP: 3/3
  1836 | D:3      | Reached skill level 3 in Axes
  1839 | D:3      | Reached XP level 4. HP: 32/37 MP: 4/4
  2206 | D:4      | Noticed a necrophage
  2219 | D:4      | Killed a necrophage
  2220 | D:4      | Reached XP level 5. HP: 23/44 MP: 5/5
  2409 | D:4      | Reached skill level 4 in Axes
  2500 | D:4      | Noticed a phantom
  2504 | D:4      | Killed a phantom
  2505 | D:4      | Reached XP level 6. HP: 51/51 MP: 6/6
  2535 | D:4      | Found a staircase to the Ecumenical Temple.
  2587 | D:4      | Reached skill level 1 in Slings
  2639 | D:4      | Noticed Blork the orc
  2644 | D:4      | Killed Blork the orc
  2645 | D:4      | Reached skill level 5 in Axes
  2668 | D:4      | Reached skill level 1 in Dodging
  2668 | D:4      | Gained mutation: You curl defensively after being hit. (AC
                  | +7*) [Palentonga growth]
  2668 | D:4      | Reached XP level 7. HP: 48/57 MP: 7/7
  2792 | D:5      | Entered Level 5 of the Dungeon
  3009 | D:5      | Found a hazy altar of Hepliaklqana.
  3043 | D:5      | Became a worshipper of Hepliaklqana the Forgotten
  3118 | D:5      | Reached skill level 6 in Axes
  3224 | D:5      | Found Tyvuwuo's Weapon Shoppe.
  3557 | D:6      | HP: 2/58 [orc warrior/+0 scimitar (5)]
  3557 | D:6      | Slain by an orc warrior

Illustrated notes

Levels and vault maps discovered:
D:1:      scummos_arrival_forest, layout_loops_ring
D:2:      layout_basic, basic_altar, shapermc_ecumenical_altar_pompeii,
          serial_shops, nicolae_shop_hallway_plus
D:3:      layout_basic
D:4:      layout_rooms, minmay_temple_entry_from_below_b,
          chequers_serial_rivers_micro_e, uniq_blork_the_orc
D:5:      layout_basic, mainiacjoe_overflow_cross_hatched, serial_shops,
          kennysheep_mini
D:6:      layout_basic, mainiacjoe_overflow_catwalk_spiral, serial_shops,
          nicolae_shop_crystal, minmay_misc_feat_square,
          hangedman_abyss_or_decor_stagger, minivault_10, uniq_edmund

Skill      XL: |  1  2  3  4  5  6  7 |
---------------+----------------------+-----
Axes           | 3 4 5 6 |  6.2
Armour         | 3 |  3.9
Fighting       | 4 |  4.6
Slings         | 1 2 |  2.1
Dodging        | 1 |  1.2
Shields        | 3 |  3.1
Stealth        | |  0.2

Action                   |  1- 3 |  4- 6 |  7- 9 || total
-------------------------+-------+-------+-------++-------
Melee: War axe           |   109 |    52 |    31 ||   192
       Tailslap          |     8 |     7 |     7 ||    22
 Fire: Hunting sling     |     5 |    10 |    18 ||    33
 Abil: Rolling Charge    |     3 |     2 |       ||     5
  Use: Potion            |       |       |     1 ||     1
Armor: Scale mail        |    54 |     9 |       ||    63
       Ring mail         |       |    12 |    20 ||    32
Dodge: Dodged            |    44 |    19 |    10 ||    73
Block: Buckler           |    17 |     7 |     6 ||    30
